 Dungeon Crawl Stone Soup version 0.31-a0-986-g5e6e4ef867 (webtiles) character file.

Game seed: 14267625681536752230

327 oldriver the Trooper (level 6, -3/49 HPs)
             Began as a Mummy Fighter on Nov 13, 2023.
             Slain by an ogre
             ... wielding a +0 giant spiked club
              (17 damage)
             ... on level 4 of the Dungeon.
             The game lasted 00:03:27 (1731 turns).

oldriver the Trooper (Mummy Fighter)                Turns: 1731, Time: 00:03:28

Health: -3/49      AC: 12    Str: 22    XL:     6   Next: 24%
Magic:  6/6        EV:  9    Int:  7    God:
Gold:   211        SH:  5    Dex: 11    Spells: 5/5 levels left

rFire   x . .        k - +1 demon whip (freeze)
rCold   + . .        c - +1 buckler
rNeg    + + +        b - +0 scale mail
rPois   ∞            (no helmet)
rElec   .            e - +1 cloak
rCorr   .            (no gloves)
SInv    .            l - +2 pair of boots
Will    .....        f - amulet of regeneration Stlth
                     (no ring)
HPRegen 1.08/turn    (no ring)
MPRegen 0.10/turn

%: faith
@: no status effects
A: cold resistance 1, negative energy resistance 3, torment resistance 2, heat
vulnerability 1, in touch with death 1, no potions, faith
a: no special abilities


You were on level 4 of the Dungeon.
You visited 1 branch of the dungeon, and saw 4 of its levels.

You collected 211 gold pieces.

Inventory:

Hand Weapons
 k - a +1 demon whip of freezing (weapon)
Missiles
 g - a throwing net
Armour
 b - a +0 scale mail (worn)
 c - a +1 buckler (worn)
 e - a +1 cloak (worn)
 l - a +2 pair of boots (worn)
Jewellery
 f - an amulet of regeneration (around neck)
 i - a +6 ring of intelligence
Wands
 d - a wand of iceblast (5)
Scrolls
 h - a scroll of teleportation
 j - 4 scrolls of blinking


   Skills:
 + Level 4.3 Fighting
 * Level 4.1 Maces & Flails
 - Level 3.0 Armour
 - Level 3.0 Shields


You had 5 spell levels left.
You didn't know any spells.
Your spell library contained the following spells:

 Spells                   Type           Power      Damage    Failure   Level
 Slow                     Hex            0%         N/A       83%         1
 Confusing Touch          Hex            0%         N/A       99%         3
 Sigil of Binding         Hex            0%         N/A       99%         3
 Vampiric Draining        Necr           0%         2d6       99%         3


Dungeon Overview and Level Annotations

Branches:
Dungeon (4/15)
 Temple: D:4-7

Altars:


Innate Abilities, Weirdness & Mutations

You are immune to poison.
Your flesh is cold resistant. (rC+)
You are immune to negative energy. (rN+++)
You are immune to unholy pain and torment.
You are vulnerable to heat. (rF-)
You are in touch with the powers of death.
You do not drink.
You have a special connection with the divine. (Faith)


Message History

a +0 club; a goblin corpse An ogre comes into view.
It is wielding a +0 giant spiked club.
The ogre shouts!
An ogre is nearby!
An ogre is nearby!
An ogre is nearby!
Found a scroll labelled XETUDD FEULERE.
A ball python comes into view.
The ogre barely misses you.
You whack the ogre! You freeze the ogre.
The ogre is heavily wounded.
The ogre hits you with a +0 giant spiked club!!
You are too injured to fight recklessly!
You are too injured to fight recklessly!
You are too injured to fight recklessly!
You are too injured to fight recklessly!
You are too injured to fight recklessly!
You are too injured to fight recklessly!
You are too injured to fight recklessly!
You are too injured to fight recklessly!
You are too injured to fight recklessly!
You are too injured to fight recklessly!
You are too injured to fight recklessly!
You are too injured to fight recklessly!
You are too injured to fight recklessly!
You are too injured to fight recklessly!
You are too injured to fight recklessly!
You are too injured to fight recklessly!
You hit the ogre. You freeze the ogre.
The ogre is severely wounded.
You hit the ogre but do no damage.
The ogre is severely wounded.
The ogre hits you with a +0 giant spiked club!
* * * LOW HITPOINT WARNING * * *
You barely miss the ogre.
The ogre is severely wounded.
You barely miss the ogre.
The ogre is severely wounded.
The ogre hits you with a +0 giant spiked club!
You die...

...>.........#
....
....#........#..
.....#
#..†††.......
.....
##.#<†....# ...#
..##..##)##..#
... .#.......#
.# ## .[..###..#
.#.......#
###..#@.#
#..##O.# #.#
#S... #..
....... ...
......... ..
.........#
#.........
#?........


You could see an ogre and a ball python.

Vanquished Creatures
  An ogre (D:3)
  A scorpion (D:4)
  A jelly (D:3)
  Jessica (D:3)
  2 orc wizards (D:3)
  2 adders
  A worm (D:3)
  A dart slug (D:3)
  3 orcs (D:3)
  5 ball pythons
  3 bats
  3 endoplasms
  3 giant cockroaches
  4 goblins
  3 hobgoblins
  10 jackals
  2 quokkas
  3 frilled lizards
  4 kobolds
  5 rats
58 creatures vanquished.

Vanquished Creatures (others)
  A goblin (D:3)
1 creature vanquished.

Grand Total: 59 creatures vanquished

Notes
Turn   | Place    | Note
-------+----------+-------------------------------------------
     0 | D:1      | oldriver the Mummy Fighter began the quest for the Orb.
     0 | D:1      | Reached XP level 1. HP: 18/18 MP: 1/1
   184 | D:1      | Reached XP level 2. HP: 22/24 MP: 2/2
   334 | D:1      | Found a faded altar of an unknown god.
   825 | D:2      | Reached XP level 3. HP: 29/29 MP: 3/3
   897 | D:2      | You fall into a shaft and drop 2 floors!
  1049 | D:3      | Reached XP level 4. HP: 37/37 MP: 4/4
  1303 | D:3      | Noticed Jessica
  1309 | D:3      | Killed Jessica
  1415 | D:3      | Reached XP level 5. HP: 42/42 MP: 5/5
  1518 | D:3      | Noticed an ogre
  1524 | D:3      | Killed an ogre
  1686 | D:3      | Identified a scroll of acquirement
  1686 | D:3      | Acquired a +1 demon whip of freezing
  1713 | D:4      | Reached XP level 6. HP: 49/49 MP: 6/6
  1731 | D:4      | Slain by an ogre

Illustrated notes

Levels and vault maps discovered:
D:1:      nzn_arrival_depleted_hourglass, layout_rooms,
          chequers_ecumenical_altar_twisty
D:2:      layout_rooms
D:3:      layout_basic, fountainhead, st_stairs_5, uniq_jessica
D:4:      layout_cave_pools, uniq_blork_the_orc, uniq_menkaure

Skill      XL: |  1  2  3  4  5 |
---------------+----------------+-----
Maces & Flails | 2 3 4 |  4.1
Fighting       | 4 |  4.3
Shields        | 3 |  3.0
Armour         | 3 |  3.0

Action                     |  1- 3 |  4- 6 || total
---------------------------+-------+-------++-------
  Melee: Flail             |   105 |    98 ||   203
         Demon whip        |       |    27 ||    27
  Evoke: Wand              |       |     1 ||     1
    Use: Scroll            |     7 |     3 ||    10
 Armour: Scale mail        |    83 |   122 ||   205
  Dodge: Dodged            |    65 |    50 ||   115
  Block: Buckler           |    28 |    31 ||    59

Table legend: (Time is in decaauts)
 A = Elapsed time spent in this place.
 B = Non-inter-level travel time spent in this place.
 C = Inter-level travel time spent in this place.
 D = Time resting spent in this place.
 E = Time spent auto-exploring this place.
 F = Levels seen in this place.
 G = Mean time per level.
                   A        B        C        D        E       F      G
               +--------+--------+--------+--------+--------+-----+--------+
         Total |   1793 |   1640 |    153 |     78 |   1027 |   4 |  448.2 |
       Dungeon |   1793 |   1640 |    153 |     78 |   1027 |   4 |  448.2 |
               +--------+--------+--------+--------+--------+-----+--------+

Top non-repeatable levels by time:
     D:1: 615 daAuts
     D:3: 612 daAuts
     D:2: 529 daAuts
     D:4: 36 daAuts
